[Event "NOR-chT 2018"]
[Site "Bergen"]
[Date "2018.05.10"]
[Round "1"]
[White "Storme, Isak"]
[Black "Kristiansen, Snorre"]
[Result "1-0"]
[ECO "E06"]
[WhiteElo "2313"]
[BlackElo "1749"]
[Annotator "NA"]
[PlyCount "61"]
[EventDate "2018.??.??"]
[EventCountry "NOR"]
[SourceTitle "playchess.com"]
[Source "ChessBase"]
[SourceQuality "1"]
[TimeControl "40/5400:1800"]

1. Nf3 d5 2. c4 e6 3. d4 Nf6 4. g3 Be7 5. Bg2 O-O 6. O-O b6 7. Ne5 Bb7 8. Nc3 Nbd7 9. Qa4 Nxe5 10. dxe5 Ne8 11. cxd5 exd5 12. Nxd5 Bxd5 {[%emt 0:03:30] LiveBook: 6 Games} 13. Rd1 c6 14. e4 b5 15. Qc2 Rc8 16. Be3 a6 $2 (16... Nc7 17. exd5 (17. Bxa7 Qd7 $16) 17... Nxd5) 17. exd5 cxd5 18. Qb3 Nc7 19. a4 b4 20. Bh3 Rb8 21. Rac1 Rb7 22. Rc6 Qb8 23. Rdc1 Kh8 24. Bd4 a5 25. Qe3 Bd8 26. Bf5 Re8 27. Qf3 Bg5 28. Qh5 Bh6 29. Rxh6 Kg8 30. Rxh7 Kf8 31. Bc5+ 1-0

[Event "NOR-chT 2018"]
[Site "Bergen"]
[Date "2018.05.10"]
[Round "1"]
[White "Diesen, Bruce"]
[Black "Shehzad, Alisha"]
[Result "1-0"]
[ECO "B46"]
[WhiteElo "2161"]
[BlackElo "1669"]
[Annotator "NA"]
[PlyCount "83"]
[EventDate "2018.??.??"]
[EventCountry "NOR"]
[SourceTitle "playchess.com"]
[Source "ChessBase"]
[SourceQuality "1"]
[TimeControl "40/5400:1800"]

1. e4 c5 2. Nf3 e6 3. d4 cxd4 4. Nxd4 Nc6 5. Nc3 a6 6. Be3 Qc7 7. Qd2 Nf6 8. Bd3 Ne5 {[%emt 0:05:59] B48: Sicilian: Taimanov: 5 Nc3 Qc7 6 Be3 a6 without Be2} 9. f3 Be7 10. O-O-O $146 ({Predecessor:} 10. f4 Nc4 11. Bxc4 Qxc4 12. Qd3 b5 13. a4 Qxd3 14. cxd3 b4 15. Nce2 O-O 16. h3 Bb7 {0-1 (40) Georgakopoulos,N (2258)-Bosiocic,M (2543) Chalkis 2010}) 10... Nxd3+ 11. Qxd3 b5 12. g4 b4 13. Na4 d5 14. e5 Qxe5 15. Nc6 Qc7 16. Nxe7 Qxe7 17. Bc5 Qb7 18. Qd4 Qb5 19. b3 $18 ({And not} 19. Qxb4 Nd7 $11) 19... a5 20. Rhe1 Bb7 21. Nb6 Rd8 22. Nc4 Qa6 23. Re5 Rd7 24. Nb6 Rc7 25. g5 Nd7 26. Rxe6+ fxe6 27. Qxg7 Nxc5 28. Qxh8+ Ke7 29. Qg7+ Kd6 30. Qf8+ Kc6 31. Nc4 Rd7 32. Ne5+ Kc7 33. Qxc5+ Kd8 34. Qf8+ Kc7 35. Qc5+ Kd8 36. Nxd7 Kxd7 37. Re1 Kd8 38. Qf8+ Kd7 39. Qf7+ Kc6 40. Rxe6+ Kb5 41. Rxa6 Bxa6 42. Qxd5+ 1-0

[Event "NOR-chT 2018"]
[Site "Bergen"]
[Date "2018.05.10"]
[Round "1"]
[White "Holleland, Sigve"]
[Black "Lexander, Harald"]
[Result "1-0"]
[ECO "A14"]
[WhiteElo "2008"]
[BlackElo "1378"]
[Annotator "NA"]
[PlyCount "33"]
[EventDate "2018.??.??"]
[EventCountry "NOR"]
[SourceTitle "playchess.com"]
[Source "ChessBase"]
[SourceQuality "1"]
[TimeControl "40/5400:1800"]

1. c4 e6 2. g3 d5 3. Bg2 Nf6 4. Nf3 Be7 5. O-O O-O 6. d4 c6 7. Nc3 Nbd7 8. Bf4 Ne4 9. Qc2 f5 10. Rad1 g5 11. Bc1 h5 12. Qb3 $11 (12. cxd5 $16 cxd5 13. Nxe4 fxe4 14. Nd2) 12... g4 13. Ne1 h4 14. Nd3 Ng5 15. Nf4 Bd6 16. cxd5 Bxf4 17. dxe6 1-0

[Event "NOR-chT 2018"]
[Site "Bergen"]
[Date "2018.05.10"]
[Round "1"]
[White "Haugsdal, Arn-Tore"]
[Black "Bjorkly, Sara Marie Skaug"]
[Result "1-0"]
[ECO "B01"]
[WhiteElo "1987"]
[BlackElo "1343"]
[Annotator "NA"]
[PlyCount "71"]
[EventDate "2018.??.??"]
[EventCountry "NOR"]
[SourceTitle "playchess.com"]
[Source "ChessBase"]
[SourceQuality "1"]
[TimeControl "40/5400:1800"]

1. e4 d5 2. exd5 Nf6 3. Bb5+ Bd7 4. Bc4 c6 5. Nc3 Bg4 6. f3 Bh5 7. g4 Bg6 8. h4 h6 9. Nge2 Nxd5 10. d4 e6 11. Nf4 Nxc3 12. bxc3 Bh7 13. Qe2 Be7 14. g5 Bf5 $16 (14... Qa5 $14 15. Bd2 Nd7) 15. Nh5 hxg5 16. Nxg7+ Kd7 17. Nxf5 exf5 18. Bxf7 Qf8 19. Qe6+ Kc7 20. h5 Rh6 21. Bg6 f4 22. Bb2 Nd7 23. O-O-O Nb6 24. c4 Ba3 25. Qe5+ Qd6 26. Bxa3 Qxe5 27. dxe5 Nxc4 28. Be7 Rhh8 29. Bxg5 Rhf8 30. e6 Nd6 31. e7 Rg8 32. Bxf4 Kd7 33. Rhe1 Rxg6 34. hxg6 Rg8 35. Rxd6+ Ke8 36. Rd8# 1-0

[Event "NOR-chT 2018"]
[Site "Bergen"]
[Date "2018.05.10"]
[Round "1"]
[White "Eliseev, Sergey"]
[Black "Hammerstad, Asmund"]
[Result "0-1"]
[ECO "C00"]
[WhiteElo "1685"]
[BlackElo "2211"]
[Annotator "NA"]
[PlyCount "78"]
[EventDate "2018.??.??"]
[EventCountry "NOR"]
[SourceTitle "playchess.com"]
[Source "ChessBase"]
[SourceQuality "1"]
[TimeControl "40/5400:1800"]

1. e4 e6 2. d4 d5 3. Bd3 c5 4. Be3 cxd4 5. Bb5+ Bd7 6. Bxd7+ Qxd7 7. Qxd4 Nc6 8. Qa4 Nb4 9. Qxd7+ Kxd7 10. Na3 dxe4 (10... Nf6 $17 11. exd5 Nbxd5) 11. O-O-O+ Kc6 {[%emt 0:00:43] [#]} (11... Ke8 $15 {stays ahead.}) 12. Nc4 $1 f6 13. Ne2 Nd5 14. Nd4+ Kd7 15. Nb5 b6 16. Bxb6 axb6 17. Nxb6+ Kc6 18. Nxa8 Kxb5 19. Rhe1 f5 20. Rd4 Ngf6 21. Red1 $2 (21. c4+ Kc5 22. Red1) 21... Bc5 22. c4+ Ka6 23. cxd5 Bxd4 24. Rxd4 Rxa8 25. Ra4+ Kb7 26. Rxa8 Kxa8 27. dxe6 Kb7 28. a4 Kc6 29. a5 Nd5 30. Kc2 Kb5 31. Kb3 Kxa5 32. Kc4 Nc7 33. e7 Kb6 34. Kd4 $19 Kc6 35. Ke5 g6 36. h4 Kd7 37. Kf6 f4 38. h5 gxh5 39. Kg5 e3 0-1

[Event "NOR-chT 2018"]
[Site "Bergen"]
[Date "2018.05.10"]
[Round "1"]
[White "Cithu, Arun Vijay"]
[Black "Risting, Eivind Olav"]
[Result "0-1"]
[ECO "B10"]
[WhiteElo "1430"]
[BlackElo "2297"]
[Annotator "NA"]
[PlyCount "74"]
[EventDate "2018.??.??"]
[EventCountry "NOR"]
[SourceTitle "playchess.com"]
[Source "ChessBase"]
[SourceQuality "1"]
[TimeControl "40/5400:1800"]

1. e4 c6 2. Nf3 d5 3. exd5 cxd5 4. d4 Nc6 5. Bd3 Bg4 6. c3 e6 7. O-O Nf6 8. Bg5 Be7 9. Nbd2 O-O 10. Qc2 {[%emt 0:03:56] B13: Caro-Kann: Exchange Variation and Panov-Botvinnik Attack} (10. Re1 Bh5 11. Qe2 Qc7 12. Bh4 a6 13. a4 Rab8 14. h3 Rfe8 15. Qe3 Bg6 16. Bxg6 hxg6 17. Bg3 Bd6 {1-0 (72) Radjabov,T (2724)-Matlakov,M (2689) Dubai 2014}) 10... h6 11. Bxf6 Bxf6 12. Rfe1 $146 ({Predecessor:} 12. h3 Bxf3 13. Nxf3 Rc8 14. Qe2 Re8 15. Bc2 a6 16. Qd3 g6 {½-½ (16) Violla Cunha,M (2322)-Cunha,E (2406) Rio de Janeiro 2015}) 12... Rc8 13. h3 Bxf3 14. Nxf3 Nxd4 15. Nxd4 Bxd4 16. Qe2 Bb6 17. Rad1 Qf6 18. Bc2 Rc4 19. Qf1 h5 20. Rd3 Rf4 21. Re2 h4 22. g3 (22. Rd1 $17) 22... hxg3 23. Rxg3 g6 24. Qg2 Kg7 25. Rg4 Rh8 26. Qg3 (26. Bd1 $142 Rxg4 27. hxg4) 26... Rf3 27. Qe5 Qxe5 28. Rxe5 Rxf2 29. Bd1 Re2+ 30. Kf1 Rxe5 31. Rg3 Rh4 32. Kg2 $19 Re1 33. Bf3 Rf4 34. Kh2 e5 35. Bxd5 e4 36. Rg2 Rff1 37. Bxb7 Bc7+ 0-1

[Event "NOR-chT 2018"]
[Site "Bergen"]
[Date "2018.05.10"]
[Round "1"]
[White "Mongstad, Dag"]
[Black "Gundersen, Helge"]
[Result "0-1"]
[ECO "C10"]
[WhiteElo "1384"]
[BlackElo "2087"]
[Annotator "NA"]
[PlyCount "42"]
[EventDate "2018.??.??"]
[EventCountry "NOR"]
[SourceTitle "playchess.com"]
[Source "ChessBase"]
[SourceQuality "1"]
[TimeControl "40/5400:1800"]

1. e4 e6 2. d4 d5 3. Nd2 dxe4 4. Nxe4 Qd5 {[%emt 0:00:06] LiveBook: 106 Games} ({Better is} 4... Nd7 $14) 5. Nf3 Qxe4+ 6. Be2 Nf6 7. O-O Be7 8. Re1 O-O 9. Ne5 c5 10. c3 cxd4 11. Bf3 Qf5 12. g4 Nxg4 13. Bxg4 Qf6 14. Bh5 dxc3 15. Ng4 Qh4 16. Re4 $19 (16. bxc3 Nc6 17. Ne3) 16... Kh8 17. Bh6 Qxh5 18. Bxg7+ Kxg7 19. Qd4+ f6 20. Nh6 e5 21. Rg4+ Bxg4 0-1